 Dungeon Crawl Stone Soup version 0.29.0-4-gdea44cf6ec (webtiles) character file.

Game seed: 13774584794994102477

14121 qw the Cleaver (level 12, -1/95 HPs)
             Began as a Formicid Cinder Acolyte on Sept 4, 2022.
             Was an Initiate of Ignis.
             Slain by Rupert
             ... wielding a +3 vampiric executioner's axe
              (5 damage)
             ... on level 2 of the Lair of Beasts.
             The game lasted 00:04:39 (14833 turns).

qw the Cleaver (Formicid Cinder Acolyte)           Turns: 14833, Time: 00:04:40

Health: -1/95      AC: 19    Str: 31    XL:     12   Next: 41%
Magic:  0/13       EV:  8    Int: 13    God:    Ignis [......]
Gold:   749        SH:  5    Dex:  9    Spells: 13/13 levels left

rFire   + . .      SeeInvis +   Y - +5 battleaxe (freeze)
rCold   + . .      Faith    .   o - +0 buckler
rNeg    . . .      Spirit   +   j - +0 plate armour
rPois   .          Reflect  .   (helmet unavailable)
rElec   .          Harm     .   a - +0 cloak
rCorr   .          Rampage  .   n - +1 pair of gloves
Will    +....                   i - +0 pair of boots
Stlth   ..........              b - amulet of guardian spirit
HPRegen 0.25/turn               m - +6 ring of strength
MPRegen 0.13/turn               k - ring of protection from cold

@: no status effects
A: permanent stasis, dig shafts and tunnels, antennae 3, four strong arms
a: Dig, Shaft Self, Renounce Religion, Rising Flame


You were on level 2 of the Lair of Beasts.
You worshipped Ignis.
Ignis was noncommittal.
You visited 2 branches of the dungeon, and saw 12 of its levels.

You collected 749 gold pieces.


Innate Abilities, Weirdness & Mutations

You cannot be hasted, slowed, berserked, paralysed or teleported.
You can dig through walls and to a lower floor.
You have a pair of large antennae on your head. (SInv)
Your four strong arms can wield two-handed weapons with a shield.


   Skills:
 + Level 9.1 Fighting
 - Level 14.0 Axes
 - Level 3.1 Throwing
 - Level 9.0 Armour
 - Level 3.2 Dodging
 - Level 7.1 Shields
 - Level 1.1 Spellcasting
 - Level 3.0 Fire Magic


You had 13 spell levels left.
You didn't know any spells.
Your spell library contained the following spells:

 Spells                   Type           Power      Damage    Failure   Level
 Scorch                   Fire           16%        2d5       71%         2

Inventory:

Hand Weapons
 t - a +2 hand axe of flaming
 Y - a +5 battleaxe of freezing (weapon)
Missiles
 e - 7 boomerangs (quivered)
Armour
 a - a +0 cloak (worn)
 i - a +0 pair of boots (worn)
 j - a +0 plate armour (worn)
 n - a +1 pair of gloves (worn)
 o - a +0 buckler (worn)
 v - a +1 chain mail of fire resistance
Jewellery
 b - an amulet of guardian spirit (around neck)
 c - a +6 ring of dexterity
 k - a ring of protection from cold (right hand)
 m - a +6 ring of strength (left hand)
 p - an amulet of the acrobat
Scrolls
 l - a scroll of identify
Potions
 d - 2 potions of resistance
 g - 6 potions of curing
 h - 3 potions of might
 r - a potion of haste
 s - a potion of mutation
 u - a potion of degeneration {unknown}

Dungeon Overview and Level Annotations

Branches:
Dungeon (9/15)             Temple (0/1) D:7            Lair (3/5) D:9
 Spider (0/4) Lair:2          Orc (0/2) D:9
  Swamp: Lair:2-3    Shoals: Lair:2-3

Altars:
Ashenzari
Fedhas
Hepliaklqana
Kikubaaqudgha
Makhleb
Okawaru
Trog
Uskayaw
Wu Jian
Xom
Zin
The Shining One
Jiyva

Annotations:
Lair:2 3 runed translucent doors, Rupert; qw's ghost, journeyman TrCA


Message History

You block Rupert's attack.
You open Rupert like a pillowcase!!! You freeze Rupert!
Rupert is moderately wounded.
You hear a bellow!
Rupert hits you with a +3 vampiric executioner's axe!
Rupert draws strength from your wounds!
You closely miss Rupert.
Rupert is moderately wounded.
Rupert barely misses you.
Rupert hits you with a +3 vampiric executioner's axe!
Rupert draws strength from your wounds!
You slash Rupert! You freeze Rupert.
Rupert is moderately wounded.
Rupert hits you with a +3 vampiric executioner's axe!
Rupert draws strength from your wounds!
A yak comes into view.
14828 ||| STAIRDANCE Rupert hits you with a +3 vampiric executioner's axe!
Rupert hits you with a +3 vampiric executioner's axe!!
You hear an angry hiss.
You hear a bellow!
You climb upwards.
Level annotation: 3 runed translucent doors, qw's ghost, journeyman TrCA
There is a stone staircase leading down here.
You closely miss Rupert.
Rupert is moderately wounded.
Rupert closely misses you.
You barely miss Rupert.
Rupert is lightly wounded.
Rupert hits you with a +3 vampiric executioner's axe!
Rupert draws strength from your wounds!
Rupert hits you with a +3 vampiric executioner's axe.
Rupert draws strength from your wounds!
You slice Rupert!! You freeze Rupert!
Rupert is moderately wounded.
Rupert closely misses you.
You slice Rupert!! You freeze Rupert.
Rupert is heavily wounded.
Rupert barely misses you.
Rupert hits you with a +3 vampiric executioner's axe.
You die...

### ######.########### ###### ###
#..#.#.P..##.P##.#####P#.P#####..
.................................
..........................##.P#..
................@@........#....#.
.......#############......#....#.
........# ##{_|## #...........#.
..P#.P.####.(?[.####......#....#.
..###..# #.......##.......P....#.
..# ##.# #...{...###......P......
..# ##.# #..{..{{##.......P#.....
.####..# #..JWJ# ##.............
.# #.#.#####+++#####......#.##...


You could see Rupert (berserk).

Vanquished Creatures
  A deep troll (Lair:2)
  3 black mambas
  3 cane toads
  Maggie (D:6)
  3 komodo dragons
  A polar bear (Lair:1)
  11 blink frogs
  Sigmund (D:6)
  17 yaks
  5 wyverns
  A basilisk (Lair:2)
  3 steam dragons
  Edmund (D:4)
  3 swamp worms (Lair:1)
  7 water moccasins
  6 orc warriors
  An ice beast (D:6)
  2 black bears
  5 centaurs
  Blork the orc (D:6)
  6 bullfrogs
  A kobold brigand (D:9)
  4 scorpions
  A necrophage (D:7)
  11 wights
  3 killer bees (D:8)
  A howler monkey (D:7)
  5 orc priests
  Crazy Yiuf (D:4)
  4 hounds (D:6)
  2 jellies
  2 gnoll boudas
  2 iguanas (D:6)
  5 orc wizards
  6 gnolls
  An adder (D:6)
  A shadow imp (D:8)
  A white imp (D:5)
  2 worms (D:2)
  34 orcs
  9 bats
  8 endoplasms
  5 giant cockroaches
  7 goblins
  7 hobgoblins
  12 jackals
  3 quokkas
  8 ball pythons
  3 frilled lizards
  8 kobolds
  2 quokka zombies (D:7)
  A rat (D:2)
242 creatures vanquished.

Vanquished Creatures (others)
  A wizard (D:4)
  3 fungi (Lair:2)
  4 plants
  2 withered plants (D:7)
10 creatures vanquished.

Grand Total: 252 creatures vanquished

Notes
Turn   | Place    | Note
-------+----------+-------------------------------------------
     0 | D:1      | qw the Formicid Cinder Acolyte began the quest for the Orb.
     0 | D:1      | Reached XP level 1. HP: 18/18 MP: 2/2
     0 | D:1      | 0 ||| qw: Version: 0.1-a-103-gd6f5d3a
     0 | D:1      | 0 ||| qw: Game counter: 5554
     0 | D:1      | 0 ||| qw: Always use a shield: true
     0 | D:1      | 0 ||| qw: God list: Okawaru
     0 | D:1      | 0 ||| qw: Allow faded altars: false
     0 | D:1      | 0 ||| qw: Do Orc after D:15 true
     0 | D:1      | 0 ||| qw: Do second Lair branch before Depths: true
     0 | D:1      | 0 ||| qw: Lair rune preference: random
     0 | D:1      | 0 ||| qw: Plans: Normal
     0 | D:1      | 0 ||| PLANNING D:1-11
    50 | D:1      | 50 ||| INVOKING Fiery Armour.
   218 | D:1      | Reached XP level 2. HP: 20/24 MP: 3/3
   444 | D:1      | Found a faded altar of an unknown god.
   512 | D:1      | Reached skill level 4 in Axes
   512 | D:1      | Reached XP level 3. HP: 26/29 MP: 4/4
   785 | D:1      | Reached skill level 1 in Dodging
  1088 | D:1      | 1088 ||| UPGRADING to +0 scale mail.
  1098 | D:1      | 1098 ||| DROPPING +0 robe.
  1099 | D:1      | 1099 ||| READING 2 scrolls labelled BASE OHAXUWEU.
  1100 | D:1      | 1100 ||| DRINKING 2 sapphire potions.
  1101 | D:1      | 1101 ||| DROPPING scroll of amnesia.
  1476 | D:2      | Reached skill level 1 in Armour
  1755 | D:2      | Reached XP level 4. HP: 32/35 MP: 5/5
  1816 | D:2      | 1816 ||| Stepping ~*~*~tactically~*~*~ (stealth).
  1817 | D:2      | 1817 ||| Stepping ~*~*~tactically~*~*~ (stealth).
  2296 | D:2      | 2296 ||| UPGRADING to +0 pair of gloves.
  2301 | D:2      | 2301 ||| UPGRADING to amulet of guardian spirit.
  2306 | D:2      | 2306 ||| DROPPING ring of magical power.
  2307 | D:2      | 2307 ||| READING scroll labelled BITONG JEXTOU.
  2308 | D:2      | 2308 ||| READING scroll labelled BUTIRR LENWAM.
  2309 | D:2      | 2309 ||| READING 3 scrolls labelled ZEASUPN MONU.
  2310 | D:2      | 2310 ||| READING scroll labelled VEENOIRH SOAPN.
  2311 | D:2      | 2311 ||| READING scroll labelled ALAUMU PAPHU.
  2312 | D:2      | 2312 ||| READING scroll labelled GUANWI FAUCVES.
  2313 | D:2      | 2313 ||| READING scroll labelled IMUNLUEHAON.
  2369 | D:2      | 2369 ||| READING 2 scrolls of identify.
  2369 | D:2      | 2369 ||| IDENTIFYING brown potion
  2872 | D:3      | 2872 ||| Stepping ~*~*~tactically~*~*~ (stealth).
  2873 | D:3      | 2873 ||| Stepping ~*~*~tactically~*~*~ (stealth).
  2875 | D:3      | 2875 ||| Stepping ~*~*~tactically~*~*~ (stealth).
  2879 | D:3      | 2879 ||| Stepping ~*~*~tactically~*~*~ (stealth).
  2889 | D:3      | 2889 ||| Stepping ~*~*~tactically~*~*~ (stealth).
  2891 | D:3      | 2891 ||| Stepping ~*~*~tactically~*~*~ (stealth).
  2894 | D:3      | 2894 ||| Stepping ~*~*~tactically~*~*~ (stealth).
  3419 | D:3      | 3419 ||| UPGRADING to +1 pair of gloves.
  3429 | D:3      | 3429 ||| DROPPING +0 pair of gloves.
  3430 | D:3      | 3430 ||| UPGRADING to +0 buckler.
  3435 | D:3      | 3435 ||| UPGRADING to ring of resist corrosion.
  3436 | D:3      | 3436 ||| UPGRADING to +6 ring of dexterity.
  3437 | D:3      | 3437 ||| DRINKING 2 pink potions.
  3475 | D:3      | 3475 ||| DRINKING 3 emerald potions.
  3476 | D:3      | 3476 ||| DRINKING 2 bubbling emerald potions.
  3477 | D:3      | 3477 ||| DROPPING potion of lignification.
  3478 | D:3      | 3478 ||| DROPPING 2 potions of magic.
  3479 | D:3      | 3479 ||| DROPPING potion of berserk rage.
  3592 | D:4      | Found a runed translucent door.
  3593 | D:4      | Noticed Crazy Yiuf
  3624 | D:4      | Found a shimmering altar of Xom.
  3722 | D:4      | Noticed a sky beast
  3723 | D:4      | Noticed a kobold brigand
  3945 | D:4      | Noticed Edmund
  3964 | D:4      | 3964 ||| INVOKING Fiery Armour.
  3970 | D:4      | Killed Edmund
  3971 | D:4      | Reached XP level 5. HP: 13/41 MP: 2/6
  3971 | D:4      | Reached XP level 6. HP: 15/47 MP: 2/7
  4183 | D:4      | 4183 ||| DROPPING +0 whip.
  4747 | D:4      | Found a bloodstained altar of Trog.
  4748 | D:4      | Noticed a wizard
  4754 | D:4      | Killed a wizard
  5009 | D:4      | 5009 ||| UPGRADING to +0 pair of boots.
  5014 | D:4      | 5014 ||| UPGRADING to +0 plate armour.
  5024 | D:4      | 5024 ||| DROPPING +0 scale mail.
  5025 | D:4      | 5025 ||| UPGRADING to +6 ring of strength.
  5027 | D:4      | 5027 ||| DROPPING ring of resist corrosion.
  5028 | D:4      | 5028 ||| READING scroll labelled BAWUTTIDAT.
  5029 | D:4      | 5029 ||| READING scroll labelled CECUBL POFO.
  5030 | D:4      | 5030 ||| READING scroll labelled DOENUCUOQI.
  5031 | D:4      | 5031 ||| DRINKING 2 clear potions.
  5032 | D:4      | 5032 ||| READING 3 scrolls of identify.
  5032 | D:4      | 5032 ||| IDENTIFYING black potion
  5033 | D:4      | 5033 ||| READING 2 scrolls of identify.
  5033 | D:4      | 5033 ||| IDENTIFYING lumpy golden potion
  5034 | D:4      | 5034 ||| DROPPING potion of brilliance.
  5035 | D:4      | 5035 ||| DROPPING potion of flight.
  5036 | D:4      | 5036 ||| Stepping randomly (stuck).
  5040 | D:4      | 5040 ||| DRINKING 2 potions of curing.
  5040 | D:4      | 5040 ||| (to cure confusion)
  5044 | D:4      | Killed Crazy Yiuf
  5045 | D:4      | Reached skill level 1 in Throwing
  5101 | D:4      | 5101 ||| DROPPING +2 hammer of holy wrath.
  5102 | D:4      | 5102 ||| UPGRADING to +0 cloak.
  5135 | D:5      | Entered Level 5 of the Dungeon
  5144 | D:5      | 5144 ||| READING scroll of brand weapon.
  5144 | D:5      | 5144 ||| BRANDING +0 hand axe of protection.
  5371 | D:5      | Reached skill level 5 in Axes
  5428 | D:5      | Noticed a black bear
  5433 | D:5      | Killed a black bear
  5434 | D:5      | Reached skill level 3 in Armour
  5434 | D:5      | Reached XP level 7. HP: 52/52 MP: 8/8
  5561 | D:5      | Found a hide-covered altar of Uskayaw.
  5579 | D:5      | 5579 ||| SWAPPING to +0 war axe.
  5580 | D:5      | 5580 ||| DROPPING +0 hand axe of venom.
  5772 | D:5      | 5772 ||| Stepping ~*~*~tactically~*~*~ (stealth).
  5797 | D:5      | 5797 ||| FLEEEEING.
  5798 | D:5      | 5798 ||| FLEEEEING.
  5801 | D:5      | 5801 ||| FLEEEEING.
  5802 | D:5      | 5802 ||| FLEEEEING.
  5803 | D:5      | 5803 ||| FLEEEEING.
  5807 | D:5      | 5807 ||| Stepping ~*~*~tactically~*~*~ (hiding).
  6131 | D:5      | Reached skill level 6 in Axes
  6146 | D:5      | 6146 ||| DROPPING +1 pair of gloves.
  6147 | D:5      | 6147 ||| DRINKING 2 lumpy black potions.
  6148 | D:5      | 6148 ||| DROPPING potion of attraction.
  6176 | D:6      | Found a blossoming altar of Fedhas.
  6289 | D:6      | Found a glowing silver altar of Zin.
  6344 | D:6      | Noticed Blork the orc
  6349 | D:6      | 6349 ||| INVOKING Fiery Armour.
  6350 | D:6      | HP: 11/54 [Blork the orc/+1 antimagic glaive (7)]
  6351 | D:6      | 6351 ||| DRINKING 2 potions of heal wounds.
  6358 | D:6      | Killed Blork the orc
  6359 | D:6      | Reached XP level 8. HP: 36/60 MP: 1/9
  6570 | D:6      | Noticed Maggie
  6571 | D:6      | 6571 ||| Stepping ~*~*~tactically~*~*~ (hiding).
  6585 | D:6      | 6585 ||| INVOKING Fiery Armour.
  6588 | D:6      | Killed Maggie
  6589 | D:6      | Reached skill level 7 in Axes
  6984 | D:6      | 6984 ||| INVOKING Fiery Armour.
  6992 | D:6      | Reached skill level 8 in Axes
  7050 | D:6      | Reached XP level 9. HP: 65/68 MP: 7/10
  7093 | D:6      | 7093 ||| Stepping ~*~*~tactically~*~*~ (hiding).
  7238 | D:6      | Noticed Sigmund
  7239 | D:6      | 7239 ||| Stepping ~*~*~tactically~*~*~ (hiding).
  7248 | D:6      | Killed Sigmund
  7249 | D:6      | Reached skill level 9 in Axes
  7358 | D:6      | Found a glowing golden altar of the Shining One.
  7579 | D:7      | 7579 ||| PLANNING OSSUARY
  7591 | D:7      | Found an ancient bone altar of Kikubaaqudgha.
  7674 | D:7      | 7674 ||| Stepping ~*~*~tactically~*~*~ (hiding).
  7747 | D:7      | Found an iron altar of Okawaru.
  7772 | D:7      | Found a staircase to the Ecumenical Temple.
  7843 | D:7      | Found a hazy altar of Hepliaklqana.
  7930 | D:7      | Reached skill level 6 in Fighting
  7972 | D:7      | 7972 ||| DROPPING +0 vorpal flail.
  8002 | D:7      | 8002 ||| Stepping ~*~*~tactically~*~*~ (stealth).
  8024 | D:7      | 8024 ||| SWAPPING to +0 battleaxe.
  8025 | D:7      | 8025 ||| DROPPING +0 war axe.
  8099 | D:7      | 8099 ||| Stepping ~*~*~tactically~*~*~ (stealth).
  8107 | D:7      | 8107 ||| Stepping ~*~*~tactically~*~*~ (stealth).
  8108 | D:7      | 8108 ||| Stepping ~*~*~tactically~*~*~ (stealth).
  8118 | D:7      | 8118 ||| Stepping ~*~*~tactically~*~*~ (stealth).
  8121 | D:7      | 8121 ||| SWAPPING to +4 battleaxe of freezing.
  8122 | D:7      | 8122 ||| DROPPING +0 battleaxe.
  8133 | D:7      | 8133 ||| Stepping ~*~*~tactically~*~*~ (hiding).
  8150 | D:7      | Reached skill level 10 in Axes
  8186 | D:7      | 8186 ||| RIP OSSUARY
  8250 | D:7      | 8250 ||| PLANNING D:1-11
  8321 | D:7      | Reached XP level 10. HP: 68/74 MP: 11/11
  8636 | D:8      | 8636 ||| Stepping ~*~*~tactically~*~*~ (stealth).
  8642 | D:8      | Reached skill level 6 in Armour
  8648 | D:8      | Reached skill level 3 in Throwing
  8648 | D:8      | 8648 ||| Stepping ~*~*~tactically~*~*~ (stealth).
  8649 | D:8      | 8649 ||| Stepping ~*~*~tactically~*~*~ (stealth).
  8663 | D:8      | 8663 ||| DROPPING +5 morningstar.
  8996 | D:8      | 8996 ||| Stepping ~*~*~tactically~*~*~ (stealth).
  8997 | D:8      | 8997 ||| Stepping ~*~*~tactically~*~*~ (stealth).
  9438 | D:8      | 9438 ||| Stepping ~*~*~tactically~*~*~ (stealth).
  9440 | D:8      | 9440 ||| Stepping ~*~*~tactically~*~*~ (stealth).
  9448 | D:8      | 9448 ||| Stepping ~*~*~tactically~*~*~ (hiding).
 10091 | D:8      | 10091 ||| DRINKING 2 sedimented puce potions.
 10107 | D:9      | 10107 ||| STAIRDANCE
 10112 | D:8      | Reached skill level 11 in Axes
 10142 | D:9      | 10142 ||| STAIRDANCE
 10284 | D:9      | Found a burning altar of Makhleb.
 10354 | D:9      | 10354 ||| INVOKING Fiery Armour.
 10361 | D:9      | 10361 ||| Stepping ~*~*~tactically~*~*~ (hiding).
 10362 | D:9      | 10362 ||| Stepping ~*~*~tactically~*~*~ (hiding).
 10378 | D:9      | Reached skill level 3 in Dodging
 10381 | D:9      | 10381 ||| FLEEEEING.
 10382 | D:9      | 10382 ||| FLEEEEING.
 10383 | D:9      | 10383 ||| FLEEEEING.
 10384 | D:9      | 10384 ||| FLEEEEING.
 10385 | D:9      | 10385 ||| FLEEEEING.
 10386 | D:9      | 10386 ||| FLEEEEING.
 10387 | D:9      | 10387 ||| FLEEEEING.
 10388 | D:9      | 10388 ||| FLEEEEING.
 10389 | D:9      | 10389 ||| FLEEEEING.
 10390 | D:9      | 10390 ||| FLEEEEING.
 10392 | D:9      | 10392 ||| FLEEEEING.
 10393 | D:9      | 10393 ||| FLEEEEING.
 10394 | D:9      | 10394 ||| FLEEEEING.
 10395 | D:9      | 10395 ||| FLEEEEING.
 10396 | D:9      | 10396 ||| FLEEEEING.
 10397 | D:9      | 10397 ||| FLEEEEING.
 10398 | D:9      | 10398 ||| FLEEEEING.
 10399 | D:9      | 10399 ||| FLEEEEING.
 10400 | D:9      | 10400 ||| FLEEEEING.
 10401 | D:9      | 10401 ||| FLEEEEING.
 10402 | D:9      | 10402 ||| FLEEEEING.
 10404 | D:9      | 10404 ||| FLEEEEING.
 10405 | D:9      | 10405 ||| FLEEEEING.
 10406 | D:9      | 10406 ||| FLEEEEING.
 10408 | D:9      | 10408 ||| FLEEEEING.
 10409 | D:9      | 10409 ||| FLEEEEING.
 10410 | D:9      | 10410 ||| FLEEEEING.
 10411 | D:9      | 10411 ||| FLEEEEING.
 10412 | D:9      | 10412 ||| FLEEEEING.
 10413 | D:9      | 10413 ||| FLEEEEING.
 10414 | D:9      | 10414 ||| FLEEEEING.
 10415 | D:9      | 10415 ||| FLEEEEING.
 10416 | D:9      | 10416 ||| STAIRDANCE
 10464 | D:8      | 10464 ||| READING 2 scrolls of identify.
 10464 | D:8      | 10464 ||| IDENTIFYING coppery potion
 10467 | D:9      | 10467 ||| STAIRDANCE
 10592 | D:9      | Found a broken altar of Ashenzari.
 10608 | D:9      | 10608 ||| INVOKING Fiery Armour.
 10618 | D:9      | HP: 19/79 [poisoned by a water moccasin]
 10697 | D:9      | 10697 ||| FLEEEEING.
 10701 | D:9      | 10701 ||| FLEEEEING.
 10702 | D:9      | 10702 ||| FLEEEEING.
 10703 | D:9      | 10703 ||| FLEEEEING.
 10706 | D:9      | 10706 ||| FLEEEEING.
 10707 | D:9      | 10707 ||| FLEEEEING.
 10708 | D:9      | 10708 ||| FLEEEEING.
 10709 | D:9      | 10709 ||| FLEEEEING.
 10710 | D:9      | 10710 ||| FLEEEEING.
 10711 | D:9      | 10711 ||| FLEEEEING.
 10712 | D:9      | 10712 ||| FLEEEEING.
 10713 | D:9      | 10713 ||| FLEEEEING.
 10714 | D:9      | 10714 ||| FLEEEEING.
 10717 | D:9      | 10717 ||| FLEEEEING.
 10718 | D:9      | 10718 ||| FLEEEEING.
 10719 | D:9      | 10719 ||| FLEEEEING.
 10720 | D:9      | 10720 ||| FLEEEEING.
 10721 | D:9      | 10721 ||| FLEEEEING.
 10722 | D:9      | 10722 ||| FLEEEEING.
 10724 | D:9      | 10724 ||| FLEEEEING.
 10725 | D:9      | 10725 ||| FLEEEEING.
 10727 | D:9      | 10727 ||| FLEEEEING.
 10728 | D:9      | 10728 ||| FLEEEEING.
 10729 | D:9      | 10729 ||| FLEEEEING.
 10730 | D:9      | 10730 ||| FLEEEEING.
 10731 | D:9      | 10731 ||| FLEEEEING.
 10732 | D:9      | 10732 ||| FLEEEEING.
 10733 | D:9      | 10733 ||| FLEEEEING.
 10734 | D:9      | 10734 ||| FLEEEEING.
 10735 | D:9      | 10735 ||| FLEEEEING.
 10738 | D:9      | 10738 ||| FLEEEEING.
 10739 | D:9      | 10739 ||| FLEEEEING.
 10740 | D:9      | 10740 ||| FLEEEEING.
 10741 | D:9      | 10741 ||| FLEEEEING.
 10745 | D:9      | 10745 ||| FLEEEEING.
 10746 | D:9      | 10746 ||| FLEEEEING.
 10747 | D:9      | 10747 ||| FLEEEEING.
 10749 | D:9      | 10749 ||| FLEEEEING.
 10750 | D:9      | 10750 ||| FLEEEEING.
 10751 | D:9      | 10751 ||| FLEEEEING.
 10752 | D:9      | 10752 ||| FLEEEEING.
 10753 | D:9      | 10753 ||| FLEEEEING.
 10754 | D:9      | 10754 ||| FLEEEEING.
 10756 | D:9      | 10756 ||| FLEEEEING.
 10757 | D:9      | 10757 ||| FLEEEEING.
 10763 | D:9      | 10763 ||| FLEEEEING.
 10764 | D:9      | 10764 ||| FLEEEEING.
 10765 | D:9      | 10765 ||| FLEEEEING.
 10766 | D:9      | 10766 ||| FLEEEEING.
 10767 | D:9      | 10767 ||| FLEEEEING.
 10768 | D:9      | 10768 ||| FLEEEEING.
 10769 | D:9      | 10769 ||| FLEEEEING.
 10773 | D:9      | 10773 ||| FLEEEEING.
 10774 | D:9      | 10774 ||| FLEEEEING.
 10775 | D:9      | 10775 ||| STAIRDANCE
 10957 | D:9      | 10957 ||| Stepping ~*~*~tactically~*~*~ (stealth).
 11088 | D:9      | 11088 ||| Stepping ~*~*~tactically~*~*~ (stealth).
 11090 | D:9      | 11090 ||| Stepping ~*~*~tactically~*~*~ (hiding).
 11135 | D:9      | Found a staircase to the Orcish Mines.
 11310 | D:9      | Found an ornate altar of the Wu Jian Council.
 11360 | D:9      | Found a staircase to the Lair.
 11361 | D:9      | 11361 ||| Stepping ~*~*~tactically~*~*~ (hiding).
 11364 | D:9      | 11364 ||| Stepping ~*~*~tactically~*~*~ (hiding).
 11371 | D:9      | 11371 ||| Stepping ~*~*~tactically~*~*~ (hiding).
 11377 | D:9      | Reached XP level 11. HP: 86/86 MP: 12/12
 11630 | D:9      | 11630 ||| PLANNING LAIR
 11630 | D:9      | 11630 ||| READING 2 scrolls of identify.
 11630 | D:9      | 11630 ||| IDENTIFYING white potion
 11663 | Lair:1   | Entered Level 1 of the Lair of Beasts
 11808 | Lair:1   | Reached skill level 6 in Shields
 11922 | Lair:1   | 11922 ||| Stepping ~*~*~tactically~*~*~ (stealth).
 11925 | Lair:1   | 11925 ||| INVOKING Fiery Armour.
 11975 | Lair:1   | 11975 ||| Stepping ~*~*~tactically~*~*~ (stealth).
 11976 | Lair:1   | 11976 ||| Stepping ~*~*~tactically~*~*~ (stealth).
 11983 | Lair:1   | Reached skill level 12 in Axes
 12064 | Lair:1   | 12064 ||| INVOKING Fiery Armour.
 12558 | Lair:1   | 12558 ||| INVOKING Fiery Armour.
 12561 | Lair:1   | 12561 ||| READING 3 scrolls labelled ODUEPT KOALE.
 12562 | Lair:1   | 12562 ||| READING 2 scrolls of identify.
 12562 | Lair:1   | 12562 ||| IDENTIFYING fuming white potion
 12563 | Lair:1   | 12563 ||| DROPPING 2 scrolls of blinking.
 12583 | Lair:2   | 12583 ||| STAIRDANCE
 12697 | Lair:1   | 12697 ||| READING scroll of enchant weapon.
 12697 | Lair:1   | 12697 ||| ENCHANTING +4 battleaxe of freezing.
 12701 | Lair:1   | 12701 ||| UPGRADING to ring of protection from cold.
 12724 | Lair:2   | 12724 ||| STAIRDANCE
 12728 | Lair:1   | 12728 ||| INVOKING Fiery Armour.
 12728 | Lair:1   | HP: 20/86 [yak (7)]
 12729 | Lair:1   | 12729 ||| DRINKING 2 potions of heal wounds.
 12928 | Lair:2   | Reached skill level 13 in Axes
 12985 | Lair:2   | 12985 ||| Stepping ~*~*~tactically~*~*~ (stealth).
 12988 | Lair:2   | 12988 ||| Stepping ~*~*~tactically~*~*~ (stealth).
 12990 | Lair:2   | 12990 ||| Stepping ~*~*~tactically~*~*~ (stealth).
 12997 | Lair:2   | 12997 ||| Stepping ~*~*~tactically~*~*~ (stealth).
 13001 | Lair:2   | 13001 ||| INVOKING Fiery Armour.
 13007 | Lair:2   | Reached skill level 9 in Fighting
 13010 | Lair:2   | Reached XP level 12. HP: 63/95 MP: 8/13
 13226 | Lair:2   | 13226 ||| Stepping ~*~*~tactically~*~*~ (stealth).
 13240 | Lair:2   | 13240 ||| DRINKING potion of cancellation.
 13419 | Lair:2   | Noticed a deep troll
 13427 | Lair:2   | Killed a deep troll
 13520 | Lair:2   | 13520 ||| INVOKING Fiery Armour.
 13523 | Lair:2   | HP: 18/95 [cane toad (9)]
 13524 | Lair:2   | 13524 ||| DRINKING potion of heal wounds.
 13527 | Lair:2   | Reached skill level 14 in Axes
 13527 | Lair:2   | 13527 ||| DRINKING 6 potions of curing.
 13527 | Lair:2   | 13527 ||| (to cure poison)
 13882 | Lair:2   | Found a hole to the Spider Nest.
 13883 | Lair:2   | 13883 ||| PLANNING CONVERSION TO OKAWARU
 14005 | D:7      | 14005 ||| PLANNING D:1-11
 14034 | D:6      | 14034 ||| Stepping randomly (stuck).
 14035 | D:6      | 14035 ||| PLANNING LAIR
 14231 | Lair:2   | 14231 ||| Stepping ~*~*~tactically~*~*~ (stealth).
 14267 | Lair:2   | Reached skill level 9 in Armour
 14380 | Lair:2   | Found a runed translucent gate.
 14381 | Lair:2   | Found a runed translucent gate.
 14388 | Lair:2   | Found a runed translucent gate.
 14391 | Lair:2   | Noticed qw's ghost (journeyman TrCA)
 14393 | Lair:2   | Found a viscous altar of Jiyva.
 14695 | Lair:2   | 14695 ||| READING scroll labelled FEECVO GOANEMU.
 14821 | Lair:3   | Noticed Rupert
 14828 | Lair:3   | 14828 ||| STAIRDANCE
 14828 | Lair:3   | HP: 21/95 [Rupert/+3 vampiric executioner's axe (30)]
 14831 | Lair:2   | HP: 8/95 [Rupert/+3 vampiric executioner's axe (13)]
 14831 | Lair:2   | HP: 3/95 [Rupert/+3 vampiric executioner's axe (5)]
 14833 | Lair:2   | Slain by Rupert

Levels and vault maps discovered:
D:1:      shiori_shiawase, layout_basic, chequers_ecumenical_altar_twisty
D:2:      layout_loops_ring
D:3:      layout_loops_corners, hex_tiny, chequers_serial_rivers_micro_a,
          minmay_misc_feat_four_crosses
D:4:      layout_basic, mainiacjoe_overflow_concentric_impassable, trog_wizard,
          lightli_corner_chamber, uniq_crazy_yiuf_cottage, uniq_edmund
D:5:      layout_loops_corners, lemuel_tele_altar
D:6:      kennysheep_six_static_rooms, layout_loops_ring, kennysheep_mini_moat,
          kennysheep_mini, tso_oasis_becter, uniq_blork_the_orc, uniq_sigmund,
          uniq_maggie
D:7:      layout_gridville, old_standard_altar, kiku_gazebo_garden_becter,
          mainiacjoe_overflow_alcove_2, minmay_temple_entry_drinking_statues,
          enter_ossuary_4
D:8:      layout_layer_cave
D:9:      layout_stronghold, marbit_many_paths, evilmike_ruin_ashenzari,
          lemuel_crystal_altar, lair_entry_dummy, david_orc_5, st_stairs_9,
          kennysheep_decorative_pillar, grunt_decor_clamped
Lair:1:   layout_regular_city, worms_lemuel, grunt_megastairs_2
Lair:2:   dreamdust_cave_troll, layout_chaotic_city,
          spider_nest_entry_web_field, gammafunk_ghost_ooze
Lair:3:   layout_misc_corridors, minmay_swamp_entry_worms, uniq_rupert

Skill      XL: |  1  2  3  4  5  6  7  8  9 10 11 12 |
---------------+-------------------------------------+-----
Axes           | 4 5 6 8 10 11 13 14 | 14.0
Dodging        | 1 2 3 |  3.2
Armour         | 1 3 4 5 7 8 9 |  9.0
Shields        | 4 5 7 |  7.1
Throwing       | 1 2 3 |  3.1
Fighting       | 4 5 6 8 9 |  9.1
Spellcasting   | |  1.1
Fire Magic     | |  3.0

Action                   |  1- 3 |  4- 6 |  7- 9 | 10-12 || total
-------------------------+-------+-------+-------+-------++-------
Melee: Hand axe          |   104 |   138 |       |       ||   242
       Punch             |     1 |       |       |       ||     1
       War axe           |       |       |   163 |       ||   163
       Battleaxe         |       |       |    19 |   288 ||   307
Throw: Javelin           |       |     4 |    29 |     3 ||    36
       Boomerang         |       |       |     5 |    79 ||    84
Invok: Fiery Armour      |     1 |     1 |     3 |     8 ||    13
  Use: Scroll            |     1 |    14 |       |     6 ||    21
       Potion            |     1 |     5 |     2 |     5 ||    13
Armor: Robe              |     6 |       |       |       ||     6
       Scale mail        |    23 |    72 |       |       ||    95
       Plate armour      |       |     8 |    92 |   130 ||   230
Dodge: Dodged            |    63 |    58 |    82 |   111 ||   314
Block: Buckler           |       |     5 |    53 |    78 ||   136

Table legend:
 A = Non-vault XP
 B = Vault XP
 C = Vault XP percentage of total XP
 D = Non-vault monster count
 E = Vault monster count
 F = Vault count percentage of total count
                 A         B        C        D         E       F
            +---------+---------+-------+---------+---------+-------
      Total |   16074 |    4100 |  20.3 |     198 |      44 |  18.2
            +---------+---------+-------+---------+---------+-------
        D:1 |      46 |       0 |   0.0 |      25 |       0 |   0.0
        D:2 |      33 |       0 |   0.0 |      17 |       0 |   0.0
        D:3 |      38 |       0 |   0.0 |      21 |       0 |   0.0
        D:4 |       7 |     209 |  96.8 |       4 |       2 |  33.3
        D:5 |     513 |       0 |   0.0 |      15 |       0 |   0.0
        D:6 |     618 |    1246 |  66.8 |      15 |       9 |  37.5
        D:7 |    1459 |       2 |   0.1 |      19 |       2 |   9.5
        D:8 |    1555 |       3 |   0.2 |      26 |       1 |   3.7
        D:9 |    1114 |    1057 |  48.7 |      13 |      25 |  65.8
     Lair:1 |    4640 |     947 |  17.0 |      19 |       4 |  17.4
     Lair:2 |    6051 |     636 |   9.5 |      24 |       1 |   4.0
            +---------+---------+-------+---------+---------+-------
